 Dungeon Crawl Stone Soup version 0.28.0-49-g6dfe1f597d (webtiles) character file.

Game seed: 1013736754299607215

28 nickcage the Slasher (level 3, -4/28 (29) HPs)
             Began as a Demonspawn Abyssal Knight on May 17, 2022.
             Was a Follower of Lugonu.
             Slain by Crazy Yiuf
             ... wielding a +3 quarterstaff of chaos
              (9 damage)
             ... on level 2 of the Dungeon.
             The game lasted 00:02:04 (1263 turns).

nickcage the Slasher (Demonspawn Abyssal Knight)    Turns: 1263, Time: 00:02:04

HP:   -4/28 (29)    AC:  5    Str: 15    XL:     3   Next: 0%
MP:   4/4           EV: 10    Int: 11    God:    Lugonu [*.....]
Gold: 57            SH:  0    Dex: 13    Spells: 2/2 levels left

rFire   . . .      SeeInvis .   a - +1 falchion
rCold   . . .      Faith    .   (no shield)
rNeg    . . .      Spirit   .   g - +0 ring mail
rPois   .          Reflect  .   (helmet restricted)
rElec   .          Harm     .   (no cloak)
rCorr   .          Rampage  .   (no gloves)
Will    .....                   (no boots)
Stlth   +.........              (no amulet)
HPRegen 0.09/turn               (no ring)
MPRegen 0.09/turn               (no ring)

@: lightly drained
A: antennae 1
a: Renounce Religion, Depart the Abyss


You were on level 2 of the Dungeon.
You worshipped Lugonu.
Lugonu was aware of your devotion.
You visited 1 branch of the dungeon, and saw 2 of its levels.
You visited the Abyss 1 time.

You collected 57 gold pieces.

Inventory:

Hand Weapons
 a - a +1 falchion (weapon)
Missiles
 h - 4 poisoned darts (quivered)
Armour
 b - a +0 leather armour
 g - a +0 ring mail (worn)
Scrolls
 c - 2 scrolls of identify {unknown}
Potions
 d - a potion of brilliance {unknown}
 e - a potion of haste {unknown}
 f - 2 potions of curing {unknown}


   Skills:
 - Level 3.0 Fighting
 + Level 3.2 Long Blades
 - Level 1.7 Armour
 - Level 0.8 Dodging
 - Level 2.4 Invocations


You had 2 spell levels left.
You didn't know any spells.
Your spell library was empty.

Dungeon Overview and Level Annotations

Branches:
Dungeon (2/15)

Altars:

Annotations:
D:2 Crazy Yiuf


Innate Abilities, Weirdness & Mutations

You have a pair of small antennae on your head.


Message History

You hit the fungus.
The fungus begins to die.
The fungus is lightly damaged.
You hit the fungus.
The fungus is lightly damaged.
You hit the fungus.
The fungus is lightly damaged.
You hit the fungus.
The fungus is lightly damaged.
A nearby fungus withers and dies.
You slash the fungus!
The fungus begins to die.
The fungus is lightly damaged.
You slash the fungus!
The fungus is lightly damaged.
You see here a +0 mace.
A nearby fungus withers and dies.
You see here a +0 mace.
Found seven maces.
Found a runed translucent door.
You see here a +0 mace.
Found a mace.
You see here a +0 mace.
You see here a +0 mace.
Found three maces.
You see here a +0 mace.
As you open the door, it creaks loudly!
You hit Crazy Yiuf.
Crazy Yiuf is moderately wounded.
Crazy Yiuf hits you with a +3 quarterstaff of chaos!
Crazy Yiuf burns you.
Crazy Yiuf hits you with a +3 quarterstaff of chaos.
You feel drained.
You hit Crazy Yiuf.
Crazy Yiuf is heavily wounded.
Crazy Yiuf hits you with a +3 quarterstaff of chaos!
* * * LOW HITPOINT WARNING * * *
Crazy Yiuf freezes you.
* * * LOW HITPOINT WARNING * * *
You hit Crazy Yiuf.
Crazy Yiuf is severely wounded.
Crazy Yiuf hits you with a +3 quarterstaff of chaos!
You die...

# .. ###### .. #....#
...#....#
...#....##♣♣♣♣♣
...†....#.♣)♣)♣♣♣ ###
####.#......)♣))♣#)))#
.<...#....PP♣♣♣♣@g)).#
#†#..##.#.P♣♣ ♣♣#)))#
#....#####♣♣ ###
........# .....####
####..# #..# #..# ...


You could see Crazy Yiuf.

Vanquished Creatures
  2 ball pythons (D:1)
  5 endoplasms (D:1)
  3 giant cockroaches (D:1)
  2 goblins (D:1)
  2 hobgoblins (D:1)
  A quokka (D:2)
  4 bats
  2 frilled lizards (D:1)
  2 kobolds (D:1)
  2 rats
25 creatures vanquished.

Vanquished Creatures (others)
  2 fungi (D:2)
2 creatures vanquished.

Grand Total: 27 creatures vanquished

Notes
Turn   | Place    | Note
-------+----------+-------------------------------------------
     0 | Abyss:1  | nickcage the Demonspawn Abyssal Knight began the quest for
                  | the Orb.
     0 | Abyss:1  | Reached XP level 1. HP: 18/18 MP: 2/2
     0 | D:1      | Escaped the Abyss
   194 | D:1      | Reached * piety under Lugonu
   299 | D:1      | Gained mutation: You have a pair of small antennae on your
                  | head. [demonic ancestry]
   299 | D:1      | Reached XP level 2. HP: 17/24 MP: 3/3
  1107 | D:1      | Found a faded altar of an unknown god.
  1239 | D:2      | Reached XP level 3. HP: 29/29 MP: 4/4
  1256 | D:2      | Found a runed translucent door.
  1257 | D:2      | Noticed Crazy Yiuf
  1263 | D:2      | Slain by Crazy Yiuf

Illustrated notes

Levels and vault maps discovered:
D:1:      saegor_arrival_simple_e, layout_loops_ring,
          hellmonk_ecumenical_altar_inner_sanctum, dk_noncrumbling_2
D:2:      layout_basic, uniq_crazy_yiuf_cottage

Skill      XL: |  1  2 |
---------------+-------+-----
Long Blades    | 2 3 |  3.2
Fighting       | |  3.0
Armour         | |  1.7
Dodging        | |  0.8
Invocations    | |  2.4

Action                   || total
-------------------------++-------
Melee: Falchion          ||    84
Invok: Depart the Abyss  ||     1
 Stab: Sleeping          ||     1
Armor: Leather armour    ||     3
       Ring mail         ||    29
Dodge: Dodged            ||    39
